 Dungeon Crawl Stone Soup version 0.31.0-32-g396128a36d (webtiles) character file.

Game seed: 16064919089381545793

50 fastbyo12 the Magician (level 3, -2/21 HPs)
             Began as an Octopode Hedge Wizard on Mar 23, 2024.
             Killed from afar by Natasha (5 damage)
             ... with a magic dart
             ... on level 2 of the Dungeon.
             The game lasted 00:10:18 (1959 turns).

fastbyo12 the Magician (Octopode Hedge Wizard)      Turns: 1959, Time: 00:10:21

Health: -2/21      AC:  1    Str:  9    XL:     3   Next: 79%
Magic:  3/7        EV: 13    Int: 18    God:
Gold:   74         SH:  0    Dex: 11    Spells: 0/8 levels left

rFire   . . .        a - +0 dagger
rCold   . . .        (no shield)
rNeg    . . .        b - +0 hat
rPois   .            (no amulet)
rElec   .            (no ring)
rCorr   .            (no ring)
SInv    .            (no ring)
Will    .....        (no ring)
Stlth   +++          (no ring)
HPRegen 0.23/turn    (no ring)
MPRegen 0.10/turn    (no ring)
                     (no ring)

%: no passive effects
@: on blink cooldown, very slightly contaminated, slowed, very slow
A: almost no armour, amphibious, 8 rings, camouflage 1, gelatinous body 1,
(nimble swimmer 1), tentacles
a: no special abilities


You were on level 2 of the Dungeon.
You visited 1 branch of the dungeon, and saw 2 of its levels.

You collected 74 gold pieces.

Inventory:

Hand Weapons
 a - a +0 dagger (weapon)
Armour
 b - a +0 hat (worn)
Scrolls
 d - 2 scrolls of fog {unknown}
 f - 3 scrolls of identify {unknown}
Potions
 e - a potion of heal wounds {unknown}


   Skills:
 - Level 2.1 Dodging
 - Level 2.9 Stealth
 + Level 3.3 Spellcasting
 + Level 1.8 Conjurations
 + Level 1.8 Summonings
 + Level 1.7 Translocations


You couldn't memorise any spells.
You knew the following spells:

 Your Spells              Type           Power      Damage    Failure   Level
a - Magic Dart            Conj           36%        1d4       8%          1
b - Blink                 Tloc           18%        N/A       12%         2
c - Call Imp              Summ           18%        N/A       11%         2
d - Slow                  Hex            8%         N/A       16%         1
e - Cigotuvi's Dreadful   Necr/Alch/Air  4%         N/A       24%         2

Your spell library contained the following spells:

 Spells                   Type           Power      Damage    Failure   Level
 Static Discharge         Conj/Air       12%        3-4/arc   16%         2
 Mephitic Cloud           Conj/Alch/Air  5%         N/A       36%         3
 Summon Lightning Spire   Summ/Air       6%         N/A       71%         4
 Airstrike                Air            1%         2d(1-17)  85%         4


Dungeon Overview and Level Annotations

Branches:
Dungeon (2/15)

Altars:

Annotations:
D:2 Natasha


Innate Abilities, Weirdness & Mutations

You cannot wear most types of armour.
You are amphibious.
You can wear up to eight rings at the same time.
Your skin changes colour to match your surroundings (Stealth+).
Your rubbery body absorbs attacks. (AC +1, EV +1)
((You are camouflaged when in or above water. (Stealth+)))
You have tentacles for arms and can constrict up to eight enemies at once.


Message History

Press: ? - help, Q - select action, (/) - cycle Shift-Dir - straight line, f - Natasha
Aim: Natasha (asleep, 100% to hit)
The magic dart hits Natasha but does no damage.
Natasha hisses angrily.
Natasha stares at you and mumbles some strange words.
The magic dart hits you!
There is a stone staircase leading down here.
Natasha wildly gestures.
You feel disoriented. Natasha casts a spell at you. The magic dart hits you!
Natasha casts a spell.
Things that are here:
a +0 dagger; 2 stones Natasha casts a spell at you.
You feel yourself slow down.
There is a large open door here.
Natasha mumbles some strange words.
There is a large open door here.
The cerulean imp hits you from afar with a +1 spear.
The cerulean imp closely misses you. The cerulean imp closely misses you.
The cerulean imp hits you from afar with a +1 spear.
* * * LOW HITPOINT WARNING * * *
Okay, then.
Casting: Blink (safe; 12% risk of failure)
Press: ? - help, Q - select action, (/) - cycle Dir - look around, f - activate You miscast Blink.
You are very lightly contaminated with residual magic.
Nothing appears to happen.
The cerulean imp hits you from afar with a +1 spear.
* * * LOW HITPOINT WARNING * * *
The cerulean imp barely misses you.
Casting: Blink (safe; 12% risk of failure)
Press: ? - help, Q - select action, (/) - cycle Dir - look around, f - activate You blink.
Natasha casts a spell at you. The magic dart hits you.
You die...
Natasha begins licking her fur clean.

..[......#.#...# #..
############.#.#...########## #..
...>.#######.#.#...##.......#####
###................'')..5........
...........#.#...5.##.......#####
###.######.#.##..h5##.......# #
.........#.#.##...§##.......# #
.....###.#....#....##)......# #
.....# #...#..#.@..##..(....# #
###..#####.#..#....##.......# #
#........#........#.......# #
####....####........# #
................÷...# #
########....#.......# .
#####......#### . .........#..###
. ##########....##


You could see Natasha and 2 cerulean imps.

Vanquished Creatures
  An adder (D:2)
  A ribbon worm (D:2)
  2 bats (D:1)
  2 endoplasms (D:1)
  2 giant cockroaches
  A goblin (D:1)
  A hobgoblin (D:1)
  2 jackals (D:1)
  5 kobolds
  4 ball pythons
  3 frilled lizards (D:1)
  2 rats
26 creatures vanquished.

Vanquished Creatures (collateral kills)
  2 endoplasms (D:1)
  3 goblins (D:1)
  3 jackals (D:1)
  A kobold (D:1)
9 creatures vanquished.

Grand Total: 35 creatures vanquished

Notes
Turn   | Place    | Note
-------+----------+-------------------------------------------
     0 | D:1      | fastbyo12 the Octopode Hedge Wizard began the quest for the
                  | Orb.
     0 | D:1      | Reached XP level 1. HP: 11/11 MP: 4/4
   243 | D:1      | Reached XP level 2. HP: 17/17 MP: 0/6
   308 | D:1      | Learned a level 2 spell: Blink
   311 | D:1      | Learned a level 2 spell: Call Imp
   692 | D:1      | Reached XP level 3. HP: 21/21 MP: 0/7
   901 | D:1      | Learned a level 1 spell: Slow
   904 | D:1      | Learned a level 2 spell: Cigotuvi's Dreadful Rot
  1933 | D:2      | Noticed Natasha
  1959 | D:2      | Killed from afar by Natasha

Illustrated notes

Levels and vault maps discovered:
D:1:      dpeg_arrival_fog, layout_basic
D:2:      mumra_celtic_spiral_tile, layout_basic, uniq_crazy_yiuf_cottage,
          uniq_natasha

Action                     || total
---------------------------++-------
  Melee: Dagger            ||    19
         Constrict         ||     4
         Tentacles         ||     2
   Cast: Magic Dart        ||    61
         Call Imp          ||     8
         Blink             ||     2
         Slow              ||     1
    Use: Potion            ||     1
 Armour: Skin              ||    16
  Dodge: Dodged            ||    36
